 Dungeon Crawl Stone Soup version 0.25.1-2-g60ff931df9 (webtiles) character file.

Game seed: 12423410308452693209

9 Chiseanne the Magician (level 2, 19/19 HPs)
             Began as a Demonspawn Wizard on Oct 8, 2020.
             Quit the game on level 2 of the Dungeon.
             The game lasted 00:00:57 (908 turns).

Chiseanne the Magician (Demonspawn Wizard)           Turns: 908, Time: 00:00:57

Health: 19/19      AC:  3    Str:  7    XL:     2   Next: 3%
Magic:  0/6        EV: 12    Int: 19    God:
Gold:   89         SH:  0    Dex: 11    Spells: 6/7 levels left

rFire    . . .     SeeInvis .   a - +1 mace (protect)
rCold    . . .     Gourm    .   (no shield)
rNeg     . . .     Faith    .   i - +0 robe
rPois    .         Spirit   .   b - +0 hat
rElec    .         Reflect  .   (no cloak)
rCorr    .         Harm     .   (no gloves)
MR       .....                  k - +0 pair of boots
Stlth    ++........             (no amulet)
HPRegen  0.06/turn              (no ring)
MPRegen  0.10/turn              (no ring)

@: very slightly contaminated
A: horns 1
a: no special abilities


You were on level 2 of the Dungeon.
You were not hungry.

You visited 1 branch of the dungeon, and saw 2 of its levels.

You collected 89 gold pieces.

Inventory:

Hand Weapons
 a - a +1 mace of protection (weapon)
Missiles
 e - 67 stones (quivered)
Armour
 b - a +0 hat (worn)
 i - a +0 robe (worn)
 k - a +0 pair of boots (worn)
Jewellery
 n - an uncursed ring of protection from cold {unknown}
Scrolls
 c - a scroll of teleportation {unknown}
 g - a scroll of identify {unknown}
 h - a scroll of remove curse {unknown}
 m - a scroll of noise {unknown}
Potions
 j - 3 potions of might {unknown}
 l - a potion of magic {unknown}
 o - a potion of ambrosia {unknown}
Comestibles
 d - a ration


   Skills:
 - Level 1.7 Dodging
 - Level 1.7 Stealth
 * Level 3.2 Spellcasting
 * Level 1.6 Conjurations
   Level 1.0 Summonings
   Level 0.8 Translocations


You had 6 spell levels left.
You knew the following spells:

 Your Spells              Type           Power        Failure   Level  Hunger
a - Magic Dart            Conj           #...         8%          1    None

Your spell library contained the following spells:

 Spells                   Type           Power        Failure   Level  Hunger
 Blink                    Tloc           N/A          16%         2    ##.....
 Call Imp                 Summ           #.......     16%         2    ##.....
 Slow                     Hex            #.......     22%         2    ##.....
 Conjure Flame            Conj/Fire      #.......     32%         3    ###....
 Mephitic Cloud           Conj/Pois/Air  #.......     34%         3    ###....


Dungeon Overview and Level Annotations

Branches:
Dungeon (2/15)

Altars:


Innate Abilities, Weirdness & Mutations

You have a pair of small horns on your head.


Message History

You kill the kobold!
The kobold throws a stone.
The stone barely misses you.
Casting: Magic Dart (safe; 8% risk of failure)
Confirm with . or Enter, or press ? or * to list all spells.
Aiming: Magic Dart (safe; 8% risk of failure)
Press: ? - help, Shift-Dir - straight line, f - kobold
Aim: a kobold, wielding a +0 short sword The magic dart hits the kobold.
The kobold is moderately wounded.
Casting: Magic Dart (safe; 8% risk of failure)
Confirm with . or Enter, or press ? or * to list all spells.
Aiming: Magic Dart (safe; 8% risk of failure)
Press: ? - help, Shift-Dir - straight line, f/p - kobold
Aim: a kobold, wielding a +0 short sword (moderately wounded)
The magic dart hits the kobold.
You kill the kobold!
You have reached level 2!
Your demonic ancestry asserts itself...
A pair of horns grows on your head!
Are you sure you want to abandon this character and quit the game? (Confirm with "yes".)

##....##
##......###
#.........##
#..........#
#..........##
..#............
.............#
....)..@..(.#
##.#........#
#........)..#
#...........#
##..........#
#..........#
#.....<....#
##........##


There were no monsters in sight!

Vanquished Creatures
  2 hobgoblins (D:1)
  2 bats (D:1)
  2 frilled lizards (D:1)
  3 kobolds
9 creatures vanquished.

Notes
Turn   | Place    | Note
-------+----------+-------------------------------------------
     0 | D:1      | Chiseanne the Demonspawn Wizard began the quest for the
                  | Orb.
     0 | D:1      | Reached XP level 1. HP: 13/13 MP: 4/4
   907 | D:2      | Gained mutation: You have a pair of small horns on your
                  | head. [demonic ancestry]
   907 | D:2      | Reached XP level 2. HP: 19/19 MP: 0/6
   908 | D:2      | Quit the game

Illustrated notes

Levels and vault maps discovered:
D:1:      lightli_arrival_windingriver, layout_basic
D:2:      layout_rooms, gammafunk_temple_overflow_pools,
          nicolae_overflow_hidden_temple, minivault_4,
          chequers_serial_rivers_micro_a, amethyst_killhole

Action                   || total
-------------------------++-------
Melee: Hand axe          ||     1
 Cast: Magic Dart        ||    18
Dodge: Dodged            ||     1
